 Dungeon Crawl Stone Soup version 0.27-a0-1105-g946c659c87 (webtiles) character file.

Game seed: 13001159744974474046

366 dickylongcocking the Magician (level 6, -1/47 HPs)
             Began as a Djinni Hedge Wizard on Apr 30, 2021.
             Slain by an orc
             ... wielding a +0 morningstar
              (3 damage)
             ... on level 3 of the Dungeon.
             The game lasted 00:04:03 (4839 turns).

dickylongcocking the Magician (Djinni Hedge Wizard) Turns: 4839, Time: 00:04:03

Health: -1/47      AC:  6    Str:  9    XL:     6   Next: 68%
Gold:   87         EV: 10    Int: 18    God:
                   SH:  0    Dex: 12

rFire    + + +     SeeInvis .   h - +0 dagger (venom)
rCold    x . .     Faith    .   (no shield)
rNeg     . . .     Spirit   .   d - +1 ring mail {rF+}
rPois    ∞         Reflect  .   c - +0 hat
rElec    .         Harm     .   (no cloak)
rCorr    .         Rampage  .   (no gloves)
Will     .....                  (boots unavailable)
Stlth    +.........             (no amulet)
HPRegen  0.15/turn              (no ring)
MPRegen  0.00/turn              (no ring)

@: wereblooded, flying
A: fire resistance 2, cold vulnerability 1, float, innate caster, hp casting,
extra vitality 1
a: no special abilities


You were on level 3 of the Dungeon.
You visited 1 branch of the dungeon, and saw 3 of its levels.

You collected 87 gold pieces.

Inventory:

Hand Weapons
 a - a +0 dagger
 h - a +0 dagger of venom (weapon)
Armour
 b - a +0 robe
 c - a +0 hat (worn)
 d - a +1 ring mail of fire resistance (worn)
Wands
 l - a wand of flame (8)
 n - a wand of paralysis (10)
Scrolls
 e - a scroll of identify {unknown}
 g - a scroll of teleportation {unknown}
 m - a scroll of summoning {unknown}
Potions
 f - a potion of haste
 j - a potion of degeneration {unknown}
 k - a potion of cancellation {unknown}


   Skills:
 * Level 4.2 Fighting
 * Level 1.7 Armour
 - Level 2.1 Dodging
 - Level 1.5 Stealth
 * Level 4.5 Spellcasting


You couldn't memorise any spells.
You knew the following spells:

 Your Spells              Type           Power      Damage    Failure   Level
a - Magic Dart            Conj           80%        1d7       6%          1
b - Blink                 Tloc           N/A        N/A       9%          2
c - Call Imp              Summ           20%        N/A       9%          2
d - Slow                  Hex            20%        N/A       9%          2
e - Conjure Flame         Conj/Fire      20%        6-21      17%         3
f - Mephitic Cloud        Conj/Pois/Air  20%        N/A       17%         3
g - Apportation           Tloc           40%        N/A       6%          1
h - Wereblood             Tmut           20%        N/A       9%          2
Your spell library was empty.

Dungeon Overview and Level Annotations

Branches:
Dungeon (3/15)

Altars:
Kikubaaqudgha


Innate Abilities, Weirdness & Mutations

You are immune to poison.
Your flesh is very heat resistant. (rF++)
You are vulnerable to cold. (rC-)
You float through the air rather than walking.
You learn spells naturally, not from books.
Your magical power is your life essence.
You have superior vitality. (+4 HP)


Message History

The orc hits you with a +0 morningstar!
Unknown command.
You closely miss the orc wizard.
The orc wizard is severely wounded.
The orc wizard hits you but does no damage.
The orc hits you but does no damage. The orc hits you with a +0 morningstar!
* * * LOW HITPOINT WARNING * * *
You hit the orc wizard but do no damage.
The orc wizard looks as sick as possible!
The orc wizard is severely wounded.
The orc wizard hits you with a +0 dagger.
* * * LOW HITPOINT WARNING * * *
The orc hits you but does no damage. The orc hits you with a +0 morningstar.
* * * LOW HITPOINT WARNING * * *
Okay, then.
Okay, then.
Okay, then.
Okay, then.
You closely miss the orc.
You howl as the wereblood boils in your veins!
The orc wizard completely misses you. The orc closely misses you.
The orc hits you but does no damage.
Unknown command.
Unknown command.
You hit the orc wizard.
You kill the orc wizard!
The orc closely misses you. The orc hits you but does no damage.
Your magical contamination has completely faded away.
Unknown command.
You closely miss the orc. The orc hits you but does no damage.
The endoplasm freezes you.
You are frozen.
You feel a terrible chill!
* * * LOW HITPOINT WARNING * * *
The orc closely misses you.
Unknown command.
Unknown command.
You hit the endoplasm but do no damage. The orc barely misses you.
The endoplasm hits you but does no damage.
The orc hits you with a +0 morningstar.
You die...

#.#### .... ..
#....## ....#. ##
#....... ...#. #.
###....
.#.###.#.##.
$..#.#
.#.#.....(#.
#.#.##.#........))
#))o.........#..))
#J#.........##..##
#@#.#..####.###.#
#oo....# #.###.#.
#..##.#####.##.)#.
#.....##........^.
##.#####......†.#.
#.# #........#.
#.# #........# #.#
#..(...<.##
#.#####..........


You could see 2 orcs and an endoplasm.

Vanquished Creatures
  A jelly (D:3)
  2 orc priests (D:3)
  Natasha (thrice) (D:2)
  An orc wizard (D:3)
  2 dart slugs
  6 orcs (D:3)
  10 endoplasms
  A giant cockroach (D:3)
  7 goblins
  2 hobgoblins
  8 jackals
  8 kobolds (D:3)
  4 quokkas
  5 ball pythons
  4 bats
  4 rats
68 creatures vanquished.

Vanquished Creatures (collateral kills)
  Sigmund (D:2)
  A jelly (D:3)
  An adder (D:2)
  An orc (D:3)
  3 endoplasms
  A giant cockroach (D:2)
  A jackal (D:2)
  A frilled lizard (D:2)
  A kobold (D:2)
11 creatures vanquished.

Vanquished Creatures (others)
  8 fungi (D:3)
  7 toadstools (D:3)
15 creatures vanquished.

Grand Total: 94 creatures vanquished

Notes
Turn   | Place    | Note
-------+----------+-------------------------------------------
     0 | D:1      | dickylongcocking the Djinni Hedge Wizard began the quest
                  | for the Orb.
     0 | D:1      | Reached XP level 1. HP: 15/15 MP: 0/0
   504 | D:1      | Reached skill level 1 in Fighting
   504 | D:1      | Reached XP level 2. HP: 20/22 MP: 0/0
   659 | D:1      | Found a faded altar of an unknown god.
  1572 | D:2      | Noticed Natasha
  1579 | D:2      | Noticed a crimson imp
  1583 | D:2      | Killed Natasha
  1584 | D:2      | Reached XP level 3. HP: 1/28 MP: 0/0
  1584 | D:2      | Learned a level 1 spell: Apportation
  1907 | D:2      | Noticed Sigmund
  2305 | D:2      | Killed Sigmund
  2306 | D:2      | Reached XP level 4. HP: 16/35 MP: 0/0
  2306 | D:2      | Reached XP level 5. HP: 19/40 MP: 0/0
  2306 | D:2      | Learned a level 2 spell: Wereblood
  2559 | D:2      | Noticed Natasha
  2567 | D:2      | Killed Natasha
  3153 | D:2      | Noticed Natasha
  3160 | D:2      | Killed Natasha
  3844 | D:3      | Reached XP level 6. HP: 7/47 MP: 0/0
  4170 | D:3      | Reached skill level 1 in Armour
  4611 | D:3      | HP: 1/47 [orc priest/nerve-wracking pain (5)]
  4838 | D:3      | HP: 1/47 [frozen (3)]
  4839 | D:3      | Slain by an orc

Illustrated notes

Levels and vault maps discovered:
D:1:      dpeg_arrival_boxes_within_box, layout_rooms,
          chequers_ecumenical_altar_grove, minmay_tromino_v2
D:2:      layout_basic, kennysheep_nondescript, uniq_sigmund, uniq_natasha
D:3:      cheibrodos_fertilizer, layout_loops_cross, lemuel_tele_altar

Skill      XL: |  1  2  3  4  5  6 |
---------------+-------------------+-----
Fighting       | 1 2 3 4 |  4.2
Spellcasting   | 3 4 |  4.5
Armour         | 1 |  1.7
Dodging        | |  2.1
Stealth        | |  1.5

Action                   |  1- 3 |  4- 6 || total
-------------------------+-------+-------++-------
Melee: Dagger            |    55 |   187 ||   242
 Cast: Magic Dart        |    23 |     1 ||    24
       Call Imp          |    17 |     6 ||    23
       Wereblood         |       |     7 ||     7
       Mephitic Cloud    |       |     2 ||     2
  Use: Potion            |     4 |     3 ||     7
 Stab: Sleeping          |       |     1 ||     1
Armor: Robe              |    12 |       ||    12
       Ring mail         |     8 |    78 ||    86
Dodge: Dodged            |    56 |   106 ||   162

Table legend: (Time is in decaauts)
 A = Elapsed time spent in this place.
 B = Non-inter-level travel time spent in this place.
 C = Inter-level travel time spent in this place.
 D = Time resting spent in this place.
 E = Time spent auto-exploring this place.
 F = Levels seen in this place.
 G = Mean time per level.
                   A        B        C        D        E       F      G
               +--------+--------+--------+--------+--------+-----+--------+
         Total |   4825 |   4758 |     67 |    726 |   3360 |   3 | 1608.3 |
       Dungeon |   4825 |   4758 |     67 |    726 |   3360 |   3 | 1608.3 |
               +--------+--------+--------+--------+--------+-----+--------+

Top non-repeatable levels by time:
     D:2: 1740 daAuts
     D:1: 1550 daAuts
     D:3: 1534 daAuts
